| TOP OF THE 1ST |
|
San Jose Missions batting - Pitching for Hawaii Islanders : RHP Keith MacWhorter
|
|
Pitching: RHP Keith MacWhorter
|
|
|
Batting: LHB Jack Perconte
|
0-0: Ground out 5-3 (Groundball, 5, EV 91.3 MPH)
|
|
Batting: RHB Paul Runge
|
0-0: Ball 1-0: Ball 2-0: Ground out U3 (Groundball, 34, EV 76.9 MPH)
|
|
Batting: LHB Marvell Wynne
|
0-0: Called Strike 0-1: Fly out, F7 (Flyball, 78S, EV 74.4 MPH)
|
| Top of the 1st over - 0 runs, 0 hits, 0 errors, 0 left on base; San Jose 0 - Hawaii 0 |
| BOTTOM OF THE 1ST |
|
Hawaii Islanders batting - Pitching for San Jose Missions : LHP Jerry Gomez
|
|
Pitching: LHP Jerry Gomez
|
|
|
Batting: RHB Joe Strain
|
0-0: Ground out 2-3 (Groundball, 2L, EV 71.9 MPH)
|
|
Batting: RHB Tony Walker
|
0-0: Ball 1-0: Swinging Strike 1-1: Ball 2-1: Ground out 6-3 (Groundball, P, EV 85.6 MPH)
|
|
Batting: SHB Charles Valley
|
0-0: Ball 1-0: Called Strike 1-1: Swinging Strike 1-2: Ball 2-2: Strikes out swinging
|
| Bottom of the 1st over - 0 runs, 0 hits, 0 errors, 0 left on base; San Jose 0 - Hawaii 0 |
| TOP OF THE 2ND |
|
San Jose Missions batting - Pitching for Hawaii Islanders : RHP Keith MacWhorter
|
|
Batting: RHB John Rabb
|
0-0: Ball 1-0: Ball 2-0: Called Strike 2-1: Swinging Strike 2-2: Ball 3-2: Strikes out swinging
|
|
Batting: SHB David Piller
|
0-0: Called Strike 0-1: Called Strike 0-2: Fly out, F7 (Line Drive, 7D, EV 106.3 MPH)
|
|
Batting: LHB Glen Franklin
|
0-0: Ball 1-0: Called Strike 1-1: Ball 2-1: Swinging Strike 2-2: Ball 3-2: Base on Balls
|
|
Batting: RHB Pablo Cardiel
|
0-0: Swinging Strike 0-1: Called Strike 0-2: Ball 1-2: Strikes out swinging
|
| Top of the 2nd over - 0 runs, 0 hits, 0 errors, 1 left on base; San Jose 0 - Hawaii 0 |
| BOTTOM OF THE 2ND |
|
Hawaii Islanders batting - Pitching for San Jose Missions : LHP Jerry Gomez
|
|
Batting: LHB Dom Fucci
|
0-0: Ball 1-0: Ball 2-0: Foul Ball, location: 2F 2-1: Ball 3-1: Ground out 1-3 (Groundball, 15S, EV 63.1 MPH)
|
|
Batting: RHB Rob Teegarden
|
0-0: Ball 1-0: Foul Ball, location: 2F 1-1: SINGLE (Line Drive, 7S, EV 88.1 MPH)
|
|
Batting: LHB Creighton Tevlin
|
0-0: Ball 1-0: Called Strike 1-1: Called Strike 1-2: Ball 2-2: Foul Ball, location: 2F 2-2: Foul Ball, location: 2F 2-2: Fly out, F7 (Flyball, 78D, EV 91.3 MPH)
|
|
Batting: LHB Joe DeSa
|
0-0: Ball 1-0: Foul Ball, location: 2F 1-1: Ground out U3 (Groundball, 3L, EV 108.1 MPH)
|
| Bottom of the 2nd over - 0 runs, 1 hit, 0 errors, 1 left on base; San Jose 0 - Hawaii 0 |
| TOP OF THE 3RD |
|
San Jose Missions batting - Pitching for Hawaii Islanders : RHP Keith MacWhorter
|
|
Batting: LHB Jesus Valerio
|
0-0: Ball 1-0: Fly out, F6 (Popup, 6, EV 68.8 MPH)
|
|
Batting: SHB Kenny Young
|
0-0: Ball 1-0: Ball 2-0: Swinging Strike 2-1: Ball 3-1: DOUBLE (Line Drive, 78M, EV 100.0 MPH)
|
|
Batting: LHB Jack Perconte
|
0-0: Ball 1-0: Ball 2-0: Ground out 4-3 (Groundball, 4, EV 85.6 MPH) Kenny Young to third
|
|
Batting: RHB Paul Runge
|
0-0: Ball 1-0: Ground out 6-3 (Groundball, 6, EV 86.3 MPH)
|
| Top of the 3rd over - 0 runs, 1 hit, 0 errors, 1 left on base; San Jose 0 - Hawaii 0 |
| BOTTOM OF THE 3RD |
|
Hawaii Islanders batting - Pitching for San Jose Missions : LHP Jerry Gomez
|
|
Batting: LHB Jerry Willard
|
0-0: Ball 1-0: Ball 2-0: Ball 3-0: Called Strike 3-1: Bunt missed! 3-2: Foul Ball, location: 2F 3-2: Base on Balls
|
|
Batting: SHB Wayne Stone
|
0-0: Ball 1-0: Swinging Strike 1-1: Ball 2-1: Called Strike 2-2: Foul Ball, location: 2F 2-2: Ball 3-2: Foul Ball, location: 2F 3-2: Strikes out swinging
|
|
Batting: RHB Joe Strain
|
0-0: Ball 1-0: Fly out, F6 (Line Drive, 6, EV 67.5 MPH)
|
|
Batting: RHB Tony Walker
|
0-0: Reached on error, E5 (Groundball, 56S, EV 87.5 MPH) Jerry Willard to second
|
|
Batting: SHB Charles Valley
|
0-0: Called Strike 0-1: Ball 1-1: Ball 2-1: Foul Ball, location: 2F 2-2: Ball 3-2: Fly out, F4 (Popup, 4D, EV 50.6 MPH)
|
| Bottom of the 3rd over - 0 runs, 0 hits, 1 error, 2 left on base; San Jose 0 - Hawaii 0 |
| TOP OF THE 4TH |
|
San Jose Missions batting - Pitching for Hawaii Islanders : RHP Keith MacWhorter
|
|
Batting: LHB Marvell Wynne
|
0-0: Ball 1-0: Ball 2-0: Fly out, F8 (Flyball, 8RD, EV 106.9 MPH)
|
|
Batting: RHB John Rabb
|
0-0: Fly out, F8 (Flyball, 8LD, EV 91.3 MPH)
|
|
Batting: SHB David Piller
|
0-0: Ball 1-0: Foul Ball, location: 2F 1-1: Ball 2-1: Fly out, F9 (Flyball, 9, EV 79.4 MPH)
|
| Top of the 4th over - 0 runs, 0 hits, 0 errors, 0 left on base; San Jose 0 - Hawaii 0 |
| BOTTOM OF THE 4TH |
|
Hawaii Islanders batting - Pitching for San Jose Missions : LHP Jerry Gomez
|
|
Batting: LHB Dom Fucci
|
0-0: Ball 1-0: Fly out, F7 (Flyball, 7D, EV 99.4 MPH)
|
|
Batting: RHB Rob Teegarden
|
0-0: Ground out U3 (Groundball, 34, EV 103.1 MPH)
|
|
Batting: LHB Creighton Tevlin
|
0-0: Ball 1-0: Ball 2-0: Ball 3-0: Base on Balls
|
|
Batting: LHB Joe DeSa
|
0-0: Ball 1-0: SINGLE (Groundball, 4MD, EV 98.1 MPH) Creighton Tevlin to second
|
|
Batting: LHB Jerry Willard
|
0-0: Called Strike 0-1: SINGLE (Groundball, 4MD, EV 100.6 MPH) Creighton Tevlin to third Joe DeSa to second Runner from 3rd tries for Home, SAFE, throw by CF to home
|
|
Batting: SHB Wayne Stone
|
0-0: Foul Ball, location: 2F 0-1: Ball 1-1: Ball 2-1: Swinging Strike 2-2: Fly out, F3 (Popup, 3F, EV 78.8 MPH)
|
| Bottom of the 4th over - 1 run, 2 hits, 0 errors, 2 left on base; San Jose 0 - Hawaii 1 |
| TOP OF THE 5TH |
|
San Jose Missions batting - Pitching for Hawaii Islanders : RHP Keith MacWhorter
|
|
Batting: LHB Glen Franklin
|
0-0: Swinging Strike 0-1: Foul Ball, location: 2F 0-2: Ball 1-2: Fly out, F4 (Popup, 4M, EV 67.5 MPH)
|
|
Batting: RHB Pablo Cardiel
|
0-0: Ball 1-0: Ball 2-0: Called Strike 2-1: Foul Ball, location: 2F 2-2: Foul Ball, location: 2F 2-2: Fly out, F8 (Flyball, 8LM, EV 93.8 MPH)
|
|
Batting: LHB Jesus Valerio
|
0-0: Ground out 5-3 (Groundball, 5, EV 78.1 MPH)
|
| Top of the 5th over - 0 runs, 0 hits, 0 errors, 0 left on base; San Jose 0 - Hawaii 1 |
| BOTTOM OF THE 5TH |
|
Hawaii Islanders batting - Pitching for San Jose Missions : LHP Jerry Gomez
|
|
Batting: RHB Joe Strain
|
0-0: Ball 1-0: Ball 2-0: Foul Ball, location: 2F 2-1: Ball 3-1: Called Strike 3-2: Fly out, F2 (Popup, 2LF, EV 85.6 MPH)
|
|
Batting: RHB Tony Walker
|
0-0: Ball 1-0: Ball 2-0: Called Strike 2-1: Ball 3-1: Called Strike 3-2: Strikes out swinging
|
|
Batting: SHB Charles Valley
|
0-0: Ball 1-0: Ball 2-0: Called Strike 2-1: Ball 3-1: Base on Balls
|
|
Batting: LHB Dom Fucci
|
0-0: Called Strike 0-1: Foul Ball, location: 2F 0-2: Foul Ball, location: 2F 0-2: Ball 1-2: Ball 2-2: Ball 3-2: Strikes out swinging
|
| Bottom of the 5th over - 0 runs, 0 hits, 0 errors, 1 left on base; San Jose 0 - Hawaii 1 |
| TOP OF THE 6TH |
|
San Jose Missions batting - Pitching for Hawaii Islanders : RHP Keith MacWhorter
|
|
Batting: SHB Kenny Young
|
0-0: Called Strike 0-1: Ball 1-1: Foul Ball, location: 2F 1-2: Foul Ball, location: 2F 1-2: Foul Ball, location: 2F 1-2: Foul Ball, location: 2F 1-2: Ball 2-2: Fly out, F5 (Popup, 5SF, EV 85.0 MPH)
|
|
Batting: LHB Jack Perconte
|
0-0: Foul Ball, location: 2F 0-1: Ground out 4-3 (Groundball, 34, EV 99.4 MPH)
|
|
Batting: RHB Paul Runge
|
0-0: Swinging Strike 0-1: Ground out 4-3 (Groundball, 4S, EV 83.8 MPH)
|
| Top of the 6th over - 0 runs, 0 hits, 0 errors, 0 left on base; San Jose 0 - Hawaii 1 |
| BOTTOM OF THE 6TH |
|
Hawaii Islanders batting - Pitching for San Jose Missions : LHP Jerry Gomez
|
|
Batting: RHB Rob Teegarden
|
0-0: Ball 1-0: Called Strike 1-1: Ball 2-1: Ball 3-1: Fly out, F8 (Flyball, 78S, EV 87.5 MPH)
|
|
Batting: LHB Creighton Tevlin
|
0-0: Ball 1-0: Ball 2-0: Swinging Strike 2-1: Fly out, F7 (Flyball, 7D, EV 98.1 MPH)
|
|
Batting: LHB Joe DeSa
|
0-0: Ball 1-0: Called Strike 1-1: Fly out, F8 (Flyball, 8RXD, EV 88.8 MPH)
|
| Bottom of the 6th over - 0 runs, 0 hits, 0 errors, 0 left on base; San Jose 0 - Hawaii 1 |
| TOP OF THE 7TH |
|
San Jose Missions batting - Pitching for Hawaii Islanders : RHP Keith MacWhorter
|
|
Batting: LHB Marvell Wynne
|
0-0: Ball 1-0: Fly out, F3 (Popup, 23F, EV 86.9 MPH)
|
|
Batting: RHB John Rabb
|
0-0: Ball 1-0: Foul Ball, location: 2F 1-1: Ball 2-1: Fly out, F8 (Flyball, 8LD, EV 91.9 MPH)
|
|
Batting: SHB David Piller
|
0-0: Called Strike 0-1: Ball 1-1: Ball 2-1: Ball 3-1: Called Strike 3-2: Base on Balls
|
|
Batting: LHB Glen Franklin
|
0-0: Ball 1-0: Swinging Strike Pickoff Throw to First - Error! E1 David Piller to second 1-1: Ball 2-1: Ball 3-1: Base on Balls
|
|
Batting: LHB Steven Michael
|
0-0: Called Strike 0-1: Ball 1-1: Fielders Choice at 2nd, 6-4 (Groundball, 6, EV 105.6 MPH)
|
| Top of the 7th over - 0 runs, 0 hits, 1 error, 2 left on base; San Jose 0 - Hawaii 1 |
| BOTTOM OF THE 7TH |
|
Hawaii Islanders batting - Pitching for San Jose Missions : LHP Jerry Gomez
|
|
Batting: LHB Jerry Willard
|
0-0: Ground out 4-3 (Groundball, 4, EV 82.5 MPH)
|
|
Batting: SHB Wayne Stone
|
0-0: Called Strike 0-1: Ground out U3 (Groundball, 34, EV 101.9 MPH)
|
|
Batting: RHB Joe Strain
|
0-0: Ball 1-0: Fly out, F7 (Flyball, 78D, EV 85.0 MPH)
|
| Bottom of the 7th over - 0 runs, 0 hits, 0 errors, 0 left on base; San Jose 0 - Hawaii 1 |
| TOP OF THE 8TH |
|
San Jose Missions batting - Pitching for Hawaii Islanders : RHP Keith MacWhorter
|
|
Batting: LHB Jesus Valerio
|
0-0: Ball 1-0: Fly out, F9 (Flyball, 9, EV 91.3 MPH)
|
|
Batting: SHB Kenny Young
|
0-0: Called Strike 0-1: Fly out, F7 (Flyball, 78S, EV 90.6 MPH)
|
|
Batting: LHB Jack Perconte
|
0-0: Ball 1-0: Ball 2-0: Ball 3-0: Called Strike 3-1: Swinging Strike 3-2: Base on Balls
|
|
Batting: RHB Paul Runge
|
0-0: Ball 1-0: Foul Ball, location: 2F 1-1: Foul Ball, location: 2F 1-2: Ground out 4-3 (Groundball, 13, EV 85.6 MPH)
|
| Top of the 8th over - 0 runs, 0 hits, 0 errors, 1 left on base; San Jose 0 - Hawaii 1 |
| BOTTOM OF THE 8TH |
|
Hawaii Islanders batting - Pitching for San Jose Missions : LHP Jerry Gomez
|
|
Batting: RHB Tony Walker
|
0-0: Called Strike 0-1: Ball 1-1: Ground out 5-3 (Groundball, 56, EV 84.4 MPH)
|
|
Pitching: RHP Oscar Acosta
|
|
|
Batting: SHB Charles Valley
|
0-0: Called Strike 0-1: Ball 1-1: Swinging Strike 1-2: Strikes out swinging
|
|
Batting: LHB Dom Fucci
|
0-0: Ball 1-0: Ball 2-0: Ball 3-0: Base on Balls
|
|
Batting: RHB Rob Teegarden
|
0-0: Ball 1-0: DOUBLE (Flyball, 8RXD, EV 89.4 MPH) Dom Fucci to third Runner from 3rd tries for Home, SAFE, throw by CF to trailing runner, SAFE at third!
|
|
Batting: LHB Creighton Tevlin
|
0-0: Intentional Walk
|
|
Batting: LHB Joe DeSa
|
0-0: Ball 1-0: Called Strike 1-1: Called Strike 1-2: Fly out, F8 (Line Drive, 8RD, EV 101.9 MPH)
|
| Bottom of the 8th over - 1 run, 1 hit, 0 errors, 2 left on base; San Jose 0 - Hawaii 2 |
| TOP OF THE 9TH |
|
San Jose Missions batting - Pitching for Hawaii Islanders : RHP Keith MacWhorter
|
|
Batting: LHB Marvell Wynne
|
0-0: Ball 1-0: Ground out 6-3 (Groundball, 6, EV 100.0 MPH)
|
|
Batting: RHB John Rabb
|
0-0: Ball 1-0: Called Strike 1-1: Foul Ball, location: 2F 1-2: Strikes out swinging
|
|
Batting: SHB David Piller
|
0-0: Called Strike 0-1: Ball 1-1: Ball 2-1: Ball 3-1: Base on Balls
|
|
Batting: LHB Glen Franklin
|
0-0: Ball 1-0: Ball 2-0: Foul Ball, location: 2F 2-1: Swinging Strike 2-2: Ball 3-2: Strikes out looking
|
| Top of the 9th over - 0 runs, 0 hits, 0 errors, 1 left on base; San Jose 0 - Hawaii 2 |
|